 Dungeon Crawl Stone Soup version 0.12.2-13-gffed442 (webtiles) character file.

551 deathmort the Charlatan (level 6, -5/50 HPs)
             Began as a Draconian Artificer on Aug 1, 2013.
             Slain by an iguana skeleton (10 damage)
             ... on Level 5 of the Dungeon.
             The game lasted 00:36:48 (4466 turns).

deathmort the Charlatan (Draconian Artificer)       Turns: 4466, Time: 00:36:48

HP  -5/50        AC  8     Str 19      XL: 6   Next: 82%
MP  10/10        EV 13     Int 12      God:
Gold 82          SH  0     Dex 12      Spells:  0 memorised,  5 levels left

Res.Fire  : + + .   See Invis. : +   t - -4,+2 spear of Prescription {drain, -Cast Res.Cold : + . . Warding : . (armour unavailable) Life Prot.: . . . Conserve : . (no shield)
Res.Poison: .       Res.Corr.  : .   (helmet restricted)
Res.Elec. : .       Clarity    : .   (no cloak)
Sust.Abil.: . .     Spirit.Shd : .   m - +0 pair of gauntlets (curse)
Res.Mut.  : .       Stasis     : .   s - +0 pair of boots
Res.Rott. : .       Ctrl.Telep.: .   (no amulet)
Saprovore : . . .   Flight     : .   (no ring)
                                     (no ring)

@: slightly resistant to hostile enchantments, fairly stealthy
A: unfitting armour, mutation resistance 1, spit poison 1, AC +6
a: Spit Poison


You were on level 5 of the Dungeon.
You were hungry.

You visited 1 branch of the dungeon, and saw 5 of its levels.

You collected 144 gold pieces.
You spent 82 gold pieces at shops.

Inventory:

Hand weapons
 a - a +0,+0 short sword
 q - a +1,+1 falchion
 t - the cursed -4,+2 spear of Prescription (weapon) {drain, -Cast rF++ rC+ Str+4 SInv}
   (You found it on level 4 of the Dungeon)

   A truly terrible weapon, it drains the life of those it strikes.
   It affects your strength (+4).
   It greatly protects you from fire.
   It protects you from cold.
   It enhances your eyesight.
   It prevents spellcasting.
   It has a curse placed upon it.
Missiles
 e - 23 stones (quivered)
Armour
 m - a cursed +0 pair of gauntlets (worn)
 s - a +0 pair of boots (worn)
Magical devices
 b - a wand of flame (1)
 c - a wand of enslavement (12)
 d - a wand of random effects (0)
Comestibles
 f - 2 bread rations
 g - 15 sultanas
 l - 2 meat rations
Scrolls
 h - a scroll of enchant weapon I {unknown}
 o - a scroll of random uselessness
 p - a scroll of enchant weapon II
 u - a scroll of blinking
 v - a scroll of remove curse {unknown}
 x - a scroll of teleportation
Potions
 i - a potion of mutation
 j - a potion of cure mutation
 k - a potion of agility {unknown}
 n - a potion of restore abilities
 r - a potion of curing
 w - a potion of brilliance


   Skills:
 + Level 3.5 Fighting
 - Level 1.0 Short Blades
 + Level 1.3 Polearms
 + Level 3.4 Dodging
 - Level 2.2 Stealth
 + Level 3.8 Traps
 + Level 4.6 Evocations


You had 5 spell levels left.
You didn't know any spells.

Dungeon Overview and Level Annotations

Branches:
Dungeon (5/27)
 Temple: D:4-7

Altars:
Kikubaaqudgha
Makhleb
Nemelex Xobeh
Sif Muna
Trog
Vehumet

Shops:
D:4: * D:5: %


Innate Abilities, Weirdness & Mutations

Your plain brown scales are hard (AC +6).
Your body does not fit into most forms of armour.
Your cold-blooded metabolism reacts poorly to cold.
You are somewhat resistant to further mutation.
You can spit poison.


Message History

The sky beast hits you but does no damage.
You barely miss the sky beast.
The sky beast is almost dead.
The sky beast flickers out of sight for a moment.
The sky beast hits you.
* * * LOW HITPOINT WARNING * * *
The sky beast shocks you!
* * * LOW HITPOINT WARNING * * *
You closely miss the sky beast.
Your tail-slap misses the sky beast.
The sky beast is severely wounded.
The iguana skeleton barely misses you. The sky beast completely misses you.
You closely miss the sky beast.
The sky beast is severely wounded.
The iguana skeleton bites you.
* * * LOW HITPOINT WARNING * * *
The sky beast barely misses you.
You hit the sky beast.
The sky beast is almost dead.
The iguana skeleton bites you!
You die...

#..####
#.....#
##.##.#
#.##.# #.##.#
#.##.#
#.##.#######.
##
#....z.......
)..
####@#.......
## #I# #####
#.# #.# #.#
#.. ###


You could see a sky beast (invisible) and an iguana skeleton.

Vanquished Creatures
  A giant frog zombie (D:5)
  A centaur (D:5)
  2 hounds
  A sky beast (D:5)
  A hound skeleton (D:4)
  A worker ant (D:4)
  Blork the orc (D:4)
  10 adders
  4 gnolls (D:3)
  An inept item mimic (D:5)
  3 worms
  2 oozes (D:1)
  An orc (D:4)
  11 bats
  11 hobgoblins
  4 jackals (D:3)
  3 quokkas
  7 giant cockroaches
  4 giant newts
  11 goblins
  11 kobolds
  7 rats
98 creatures vanquished.

Vanquished Creatures (collateral kills)
  A goblin (D:2)
  A rat (D:2)
2 creatures vanquished.

Vanquished Creatures (others)
  A hobgoblin skeleton (D:4)
1 creature vanquished.

Grand Total: 101 creatures vanquished

Notes
Turn   | Place    | Note
--------------------------------------------------------------
     0 | D:1      | deathmort, the Draconian Artificer, began the quest for the Orb.
     0 | D:1      | Reached XP level 1. HP: 17/17 MP: 1/1
   292 | D:1      | Reached skill level 1 in Stealth
   346 | D:1      | Reached XP level 2. HP: 11/24 MP: 3/3
  1037 | D:2      | Reached XP level 3. HP: 29/29 MP: 4/4
  1102 | D:2      | Found a deep blue altar of Sif Muna.
  1299 | D:2      | Found an ancient bone altar of Kikubaaqudgha.
  1447 | D:2      | Found a sparkling altar of Nemelex Xobeh.
  1483 | D:2      | Reached XP level 4. HP: 37/37 MP: 6/6
  1669 | D:2      | Found a radiant altar of Vehumet.
  1945 | D:3      | Reached XP level 5. HP: 39/42 MP: 8/8
  2063 | D:3      | Found a burning altar of Makhleb.
  2190 | D:3      | Reached skill level 4 in Evocations
  2337 | D:3      | Found a bloodstained altar of Trog.
  2689 | D:4      | Noticed Blork the orc
  2921 | D:4      | Found Ygeqie's General Store.
  2932 | D:4      | Bought a +1,+1 falchion for 60 gold pieces
  2932 | D:4      | Bought a scroll of identify for 22 gold pieces
  2943 | D:4      | Gained mutation: You are somewhat resistant to further mutation. [potion of mutation]
  2943 | D:4      | Gained mutation: You can spit poison. [potion of mutation]
  3116 | D:4      | Noticed a phantom
  3207 | D:4      | Got a brightly glowing spear
  3208 | D:4      | Identified the cursed -4,+2 spear of Prescription {drain, -Cast rF++ rC+ Str+4 SInv} (You found it on level 4 of the Dungeon)
  3240 | D:4      | Killed Blork the orc
  3602 | D:4      | Reached XP level 6. HP: 39/50 MP: 10/10
  3816 | D:5      | Entered Level 5 of the Dungeon
  3816 | D:5      | Found Kuaschust's Food Emporium.
  4022 | D:5      | Reached skill level 1 in Polearms
  4466 | D:5      | Slain by an iguana skeleton

Action                   |  1- 3 |  4- 6 || total
-------------------------+-------+-------++-------
Melee: Short sword       |   121 |   157 ||   278
       Spear             |       |   123 ||   123
       Falchion          |       |     9 ||     9
Evoke: Wand              |    17 |    15 ||    32
  Use: Scroll            |       |    12 ||    12
       Potion            |       |     2 ||     2
 Stab: Sleeping          |     1 |     4 ||     5
       Distracted        |       |     1 ||     1
